 Dungeon Crawl Stone Soup version 0.30-a0-912-ge10d75a369 (webtiles) character file.

Game seed: 1280718423416475908

737 Corto the Digger (level 7, -1/38 HPs)
             Began as a Gargoyle Earth Elementalist on Mar 19, 2023.
             Was a Follower of Vehumet.
             Shot with an arrow by a centaur (8 damage)
             ... on level 5 of the Dungeon.
             The game lasted 00:09:25 (4361 turns).

Corto the Digger (Gargoyle Earth Elementalist)      Turns: 4361, Time: 00:09:26

Health: -1/38      AC:  7    Str: 11    XL:     7   Next: 75%
Magic:  22/22      EV: 12    Int: 18    God:    Vehumet [*.....]
Gold:   212        SH:  0    Dex: 10    Spells: 11/15 levels left

rFire   . . .      SeeInvis .    l - +0 whip
rCold   . . .      Faith    .    (no shield)
rNeg    + . .      Spirit   .    a - +0 robe
rPois   ∞          Reflect  .    w - +0 helmet
rElec   +          Rampage  .    v - scarf {repulsion}
rCorr   .                        (no gloves)
Will    .....                    (no boots)
Stlth   ++                       (no amulet)
HPRegen 0.26/turn                j - ring of magical power
MPRegen 0.18/turn                (no ring)

@: weakened, repel missiles
A: sickness immunity, AC +4, negative energy resistance 1, electricity
resistance, torment resistance 1, petrification resistance
a: Renounce Religion


You were on level 5 of the Dungeon.
You worshipped Vehumet.
Vehumet was aware of your devotion.
You visited 1 branch of the dungeon, and saw 5 of its levels.

You collected 212 gold pieces.

Inventory:

Hand Weapons
 l - a +0 whip (weapon)
Armour
 a - a +0 robe (worn)
 f - a scarf of resistance
 n - the +3 ring mail of Hubris {+Inv rF- Int+4 Stlth+}
   (You found it on level 2 of the Dungeon)

   Int:       It affects your intelligence (+4).
   rF:        It makes you vulnerable to fire.
   +Inv:      It lets you turn invisible.
   Stlth:     It makes you more stealthy.
 v - a scarf of repulsion (worn)
 w - a +0 helmet (worn)
Jewellery
 j - a ring of magical power (left hand)
Scrolls
 d - 2 scrolls of noise {unknown}
 e - 2 scrolls of poison {unknown}
 g - a scroll of fear {unknown}
 i - 6 scrolls of identify {unknown}
 m - 2 scrolls of fog {unknown}
 q - a scroll of teleportation {unknown}
 t - 2 scrolls of torment {unknown}
 u - a scroll of immolation {unknown}
 x - a scroll of enchant weapon {unknown}
 y - 2 scrolls of vulnerability {unknown}
 A - a scroll of blinking {unknown}
Potions
 b - a potion of magic
 c - 2 potions of heal wounds {unknown}
 h - a potion of lignification {unknown}
 k - a potion of curing {unknown}
 o - a potion of ambrosia {unknown}
 p - a potion of resistance {unknown}
 r - a potion of might {unknown}
 s - a potion of degeneration {unknown}
 z - 2 potions of mutation {unknown}
 B - a potion of haste {unknown}


   Skills:
 + Level 1.3 Fighting
 + Level 1.2 Maces & Flails
 + Level 1.1 Armour
 + Level 1.9 Dodging
 - Level 2.1 Stealth
 + Level 4.5 Spellcasting
 + Level 4.1 Conjurations
 - Level 0.7 Transmutations
 + Level 6.5 Earth Magic
 + Level 0.9 Evocations


You had 11 spell levels left.
You knew the following spells:

 Your Spells              Type           Power      Damage    Failure   Level
a - Sandblast             Erth           54%        2d13      1%          1
b - Stone Arrow           Conj/Erth      46%        3d9       4%          3

Your spell library contained the following spells:

 Spells                   Type           Power      Damage    Failure   Level
 Shock                    Conj/Air       44%        1d5       6%          1
 Passwall                 Tmut/Erth      14%        N/A       4%          2
 Foxfire                  Conj/Fire      44%        2x1d6     6%          1
 Petrify                  Tmut/Erth      17%        N/A       30%         4
 Fireball                 Conj/Fire      5%         3d5       86%         5
 Starburst                Conj/Fire      5%         6d4       100%        6


Dungeon Overview and Level Annotations

Branches:
Dungeon (5/15)
 Temple: D:4-7

Altars:
Vehumet


Innate Abilities, Weirdness & Mutations

You are immune to sickness and miasma.
Your stone body is resilient. (AC +4)
You are immune to poison.
You resist negative energy. (rN+)
You are resistant to electric shocks. (rElec)
You are resistant to unholy torment.
You are immune to petrification.


Message History

The gnoll bouda attacks as you move away!
The gnoll bouda hits you with a +0 whip.
The centaur shoots an arrow.
The arrow hits you. The gnoll hits you with a +0 flail.
The gnoll attacks as you move away! The gnoll hits you but does no damage.
The water moccasin bites you but does no damage.
The gnoll attacks as you move away! The gnoll closely misses you.
The gnoll attacks as you move away! The gnoll misses you.
Casting: Sandblast (safe; 1% risk of failure)
Confirm with . or Enter, or press ? or * to list all spells.
The blast of sand hits the water moccasin!!
You kill the water moccasin!
Vehumet accepts your kill.
You feel your power returning. The gnoll closely misses you.
Your Maces & Flails skill increases to level 1!
Your Armour skill increases to level 1!
The gnoll hits you with a +0 club. The gnoll attacks as you move away!
The gnoll misses you. The gnoll hits you with a +0 flail!
The gnoll bouda gazes fiercely through you!
You feel your attacks grow feeble. The gnoll attacks as you move away!
The gnoll hits you with a +0 club.
A jackal comes into view.
The jackal moves out of view.
The gnoll attacks as you move away! The gnoll hits you with a +0 club.
A jackal comes into view.
The gnoll barely misses you. The gnoll attacks as you move away!
The gnoll barely misses you. The gnoll attacks as you move away!
The gnoll hits you with a +0 club.
The gnoll bouda gazes fiercely through you!
You feel as though you will be weak longer.
The gnoll misses you.
You hear an angry growl.
The gnoll attacks as you move away! The gnoll hits you with a +0 club.
* * * LOW HITPOINT WARNING * * *
The jackal barks!
You hear a bark!
You hear a shout!
The gnoll is no longer moving quickly. x2
A jackal comes into view.
The centaur shoots an arrow.
The arrow hits you!
You die... █••••••••••█ ███ █••█ •█•••••••)•██ •••• ••••••••••••███ •••••••• ██••█•••g•••••█••••••>••• ••••███•••••••••••• •█••• •••••••••••••••>••• •█•██••cgg••••••••• █ █••••••█•••••••> ██•█••h@███•••█•••• █••••h█••███••█•█•• ••••••••██ █•█ █ • •█••••█<█ •• •h••█•███ ••• •██•█ •

You could see a centaur, a gnoll bouda, 2 gnolls and 3 jackals.

Vanquished Creatures
  A water moccasin (D:5)
  A phantom (D:5)
  A scorpion (D:5)
  A jelly (D:4)
  An orc priest (D:3)
  A hound (D:5)
  2 iguanas (D:4)
  Terence (D:3)
  A sleepcap (D:5)
  Natasha (thrice) (D:3)
  An orc wizard (D:3)
  A scorpion zombie (D:3)
  A hound zombie (D:3)
  2 gnolls (D:5)
  5 adders
  An adder zombie (D:3)
  3 worms
  10 dart slugs
  3 orcs
  9 endoplasms
  5 giant cockroaches
  3 goblins
  7 hobgoblins
  3 quokkas
  6 ball pythons
  A ball python skeleton (D:3)
  2 ball python zombies (D:3)
  4 bats
  3 frilled lizards
  7 kobolds
  A quokka skeleton (D:3)
  4 rats (D:3)
95 creatures vanquished.

Vanquished Creatures (others)
  An adder (D:3)
  A goblin (D:3)
  A frilled lizard (D:3)
  A withered plant (D:3)
4 creatures vanquished.

Grand Total: 99 creatures vanquished

Notes
Turn   | Place    | Note
-------+----------+-------------------------------------------
     0 | D:1      | Corto the Gargoyle Earth Elementalist began the quest for
                  | the Orb.
     0 | D:1      | Reached XP level 1. HP: 10/10 MP: 3/3
   211 | D:1      | Reached skill level 4 in Earth Magic
   211 | D:1      | Reached XP level 2. HP: 15/15 MP: 3/5
   959 | D:2      | Reached XP level 3. HP: 19/19 MP: 3/6
   963 | D:2      | Learned a level 3 spell: Stone Arrow
  1330 | D:2      | Reached skill level 1 in Conjurations
  1353 | D:2      | Reached XP level 4. HP: 24/24 MP: 8/8
  1410 | D:2      | Identified the +3 ring mail of Hubris {+Inv rF- Int+4
                  | Stlth+}
  1908 | D:3      | Reached skill level 5 in Earth Magic
  1908 | D:3      | Reached XP level 5. HP: 18/28 MP: 10/10
  2037 | D:3      | Noticed Terence
  2042 | D:3      | Killed Terence
  2178 | D:3      | Found a radiant altar of Vehumet.
  2241 | D:3      | Became a worshipper of Vehumet
  2284 | D:3      | Noticed Natasha
  2287 | D:3      | Killed Natasha
  2312 | D:3      | Found a faded altar of an unknown god.
  2330 | D:3      | Reached XP level 6. HP: 32/32 MP: 11/11
  2766 | D:3      | Noticed Natasha
  2774 | D:3      | Killed Natasha
  3259 | D:3      | Noticed Natasha
  3262 | D:3      | Killed Natasha
  3466 | D:4      | Reached skill level 6 in Earth Magic
  3510 | D:4      | Reached * piety under Vehumet
  3510 | D:4      | Offered knowledge of Shock by Vehumet.
  4212 | D:5      | Entered Level 5 of the Dungeon
  4219 | D:5      | Reached XP level 7. HP: 34/36 MP: 13/13
  4329 | D:5      | Reached skill level 1 in Fighting
  4354 | D:5      | Reached skill level 1 in Maces & Flails
  4354 | D:5      | Reached skill level 1 in Armour
  4361 | D:5      | Shot with an arrow by a centaur

Illustrated notes

Levels and vault maps discovered:
D:1:      minmay_arrival_shattered_statue, layout_basic,
          kennysheep_pointless_box
D:2:      layout_basic
D:3:      layout_basic, fiery_altar_vehumet, serial_undead, serial_undead_d,
          serial_undead_b, serial_undead_e, serial_undead_c, serial_undead_d,
          serial_undead_b, serial_undead_c, serial_undead_a,
          basic_ecumenical_altar, uniq_terence, uniq_natasha
D:4:      kennysheep_slugbush, layout_cave_pods
D:5:      layout_cave_pools, lemuel_round_altar, kennysheep_generic_room_11,
          uniq_crazy_yiuf_cottage, uniq_sigmund, uniq_prince_ribbit1

Skill      XL: |  1  2  3  4  5  6  7 |
---------------+----------------------+-----
Earth Magic    | 4 5 6 |  6.5
Conjurations   | 1 2 3 4 |  4.1
Spellcasting   | 3 4 |  4.5
Fighting       | 1 |  1.3
Maces & Flails | 1 |  1.2
Armour         | 1 |  1.1
Dodging        | |  1.9
Stealth        | |  2.1
Transmutations | |  0.7
Evocations     | |  0.9

Action                     |  1- 3 |  4- 6 |  7- 9 || total
---------------------------+-------+-------+-------++-------
  Melee: Whip              |       |     9 |       ||     9
   Cast: Sandblast         |    44 |    99 |    18 ||   161
 Armour: Robe              |     1 |    21 |     3 ||    25
  Dodge: Dodged            |     2 |    14 |    12 ||    28
         Repelled          |       |     7 |       ||     7

Table legend: (Time is in decaauts)
 A = Elapsed time spent in this place.
 B = Non-inter-level travel time spent in this place.
 C = Inter-level travel time spent in this place.
 D = Time resting spent in this place.
 E = Time spent auto-exploring this place.
 F = Levels seen in this place.
 G = Mean time per level.
                   A        B        C        D        E       F      G
               +--------+--------+--------+--------+--------+-----+--------+
         Total |   4453 |   4172 |    281 |     15 |   3477 |   5 |  890.6 |
       Dungeon |   4453 |   4172 |    281 |     15 |   3477 |   5 |  890.6 |
               +--------+--------+--------+--------+--------+-----+--------+

Top non-repeatable levels by time:
     D:3: 1579 daAuts
     D:1: 963 daAuts
     D:4: 927 daAuts
     D:2: 823 daAuts
     D:5: 160 daAuts
